 Dungeon Crawl Stone Soup version 0.17-a0-1378-g281efdd (webtiles) character file.

214 Volodja the Slasher (level 6, -2/47 HPs)
             Began as a Formicid Fighter on June 12, 2015.
             Slain by a gnoll
             ... wielding a +0 halberd
              (6 damage)
             ... on level 3 of the Dungeon on June 14, 2015.
             The game lasted 00:08:02 (2429 turns).

Volodja the Slasher (Formicid Fighter)              Turns: 2429, Time: 00:08:02

Health: -2/47      AC:  9    Str: 20    XL:     6   Next: 15%
Magic:  6/6        EV:  7    Int:  8    God:
Gold:   97         SH:  9    Dex: 12    Spells: 0 memorised, 5 levels left

rFire  . . .     SeeInvis +     a - +0 long sword
rCold  . . .     Clarity  .     b - +0 scale mail
rNeg   . . .     SustAt   .     c - +0 shield
rPois  .         Gourm    .     (helmet unavailable)
rElec  .         Spirit   .     t - +0 cloak
rCorr  .         Warding  .     r - +0 pair of gloves
rMut   .         Stasis   +     (no boots)
MR     .....                    (no amulet)
Stlth  ..........               (no ring)
                                (no ring)

@: not resistant to hostile enchantments, extremely unstealthy
A: permanent stasis, dig shafts and tunnels, four strong arms, antennae 3
a: Dig, Shaft Self


You were on level 3 of the Dungeon.
You were not hungry.

You visited 1 branch of the dungeon, and saw 3 of its levels.

You collected 97 gold pieces.

Inventory:

Hand weapons
 a - a +0 long sword (weapon)
Missiles
 s - 24 sling bullets
Armour
 b - a +0 scale mail (worn)
 c - a +0 shield (worn)
 r - a +0 pair of gloves (worn)
 t - a +0 cloak (worn)
Magical devices
 n - a wand of random effects (17)
Scrolls
 g - 5 scrolls of identify {unknown}
 i - 2 scrolls of remove curse {unknown}
 j - a scroll of fog {unknown}
 k - 3 scrolls of teleportation {unknown}
 p - a scroll of immolation {unknown}
 q - a scroll of enchant armour {unknown}
Potions
 d - a potion of might
 e - a potion of curing {unknown}
 f - a potion of cancellation {unknown}
 o - a potion of degeneration {unknown}
Comestibles
 h - 12 chunks of flesh
 l - a meat ration
 m - 2 bread rations


   Skills:
 - Level 3.2 Fighting
 + Level 5.9 Long Blades
 - Level 3.2 Armour
 - Level 3.6 Shields


You had 5 spell levels left.
You didn't know any spells.

Dungeon Overview and Level Annotations

Branches:
Dungeon (3/15)

Altars:


Innate Abilities, Weirdness & Mutations

You are under a permanent stasis effect.
You can dig through walls and to a lower floor.
Your four strong arms can wield two-handed weapons with a shield.
You have a pair of large antennae on your head (SInv).


Message History

The gnoll is heavily wounded.
The gnoll barely misses you. You block the gnoll's attack.
You closely miss the gnoll.
The gnoll is heavily wounded.
The gnoll hits you from afar with a halberd!
The gnoll closely misses you.
You closely miss the gnoll.
The gnoll is heavily wounded.
The gnoll hits you from afar with a halberd!
* * * LOW HITPOINT WARNING * * *
The gnoll hits you but does no damage.
You hit the gnoll.
The gnoll is almost dead.
The gnoll hits you from afar with a halberd.
* * * LOW HITPOINT WARNING * * *
The gnoll barely misses you.
You slash the gnoll!
You kill the gnoll!
The gnoll hits you from afar with a halberd.
You die...

#.........###≈##≈≈##≈##
######.#...#≈≈≈#≈≈#≈≈≈#
#.#...#≈≈≈#≈≈≈≈≈≈#
#.#...##≈######≈##
#.#....#.#.#.#####
#.#........#.#.##.
#.#.......<#.#.##.
#.#........#.#.##.
#@#.....÷..#.#.##.
#.#..........#.##.
#g####.###...#.##. #g#
#.#....##.##. #g#
#.#.#........ #.#
#.#.#####.### #.#
#.#.......# #.#
#.########### {
#(.........


You could see 3 gnolls.

Vanquished Creatures
  Crazy Yiuf (D:3)
  A hound (D:3)
  4 gnolls
  5 adders
  3 worms (D:2)
  2 giant geckos (D:3)
  11 bats
  5 giant cockroaches
  6 hobgoblins
  2 jackals (D:2)
  A quokka (D:2)
  7 giant newts
  9 goblins
  11 kobolds
  7 rats
75 creatures vanquished.

Notes
Turn   | Place    | Note
--------------------------------------------------------------
     0 | D:1      | Volodja the Formicid Fighter began the quest for the Orb.
     0 | D:1      | Reached XP level 1. HP: 18/18 MP: 1/1
   209 | D:1      | Reached XP level 2. HP: 22/24 MP: 2/2
   319 | D:1      | Upgraded the game from 0.17-a0-1368-g6ab37f2 to 0.17-a0-1378-g281efdd
   741 | D:2      | Reached XP level 3. HP: 27/29 MP: 3/3
  1043 | D:2      | Reached XP level 4. HP: 32/35 MP: 4/4
  1054 | D:2      | Reached skill level 4 in Long Blades
  1767 | D:3      | Reached XP level 5. HP: 39/41 MP: 5/5
  1889 | D:3      | Reached skill level 5 in Long Blades
  1940 | D:3      | Noticed Crazy Yiuf
  1949 | D:3      | Killed Crazy Yiuf
  2321 | D:3      | Reached XP level 6. HP: 38/47 MP: 6/6
  2339 | D:3      | Found a glowing drain.
  2429 | D:3      | Slain by a gnoll

Vault maps used:
D:1:      dpeg_arrival_prison, minmay_misc_feat_plants, serial_bayou_pond_e
D:2:      first_bread, minmay_crystal_room, minmay_goblin_kobold_house
D:3:      gup_sewer_entry_bubbles, uniq_crazy_yiuf_cottage

Action                   |  1- 3 |  4- 6 || total
-------------------------+-------+-------++-------
Melee: Long sword        |   110 |   162 ||   272
Evoke: Wand              |       |     2 ||     2
  Eat: Chunk             |     1 |     3 ||     4
       Bread ration      |       |     1 ||     1
